 Dungeon Crawl Stone Soup version 0.20.2 (webtiles) character file.

107 Alfie the Shooter (level 4, -1/38 HPs)
             Began as a Minotaur Hunter on Mar 25, 2020.
             Slain by an orc wizard
             ... wielding a +0 dagger
              (3 damage)
             ... on level 4 of the Dungeon.
             The game lasted 00:07:01 (1659 turns).

Alfie the Shooter (Minotaur Hunter)                 Turns: 1659, Time: 00:07:02

Health: -1/38      AC:  3    Str: 18    XL:     4   Next: 56%
Magic:  3/3        EV: 12    Int:  8    God:
Gold:   123        SH:  0    Dex: 10    Spells: 3/3 levels left

rFire    . . .     SeeInvis +   b - +1 short sword
rCold    . . .     Gourm    .   (no shield)
rNeg     . . .     Faith    .   c - +0 leather armour
rPois    .         Spirit   .   (helmet restricted)
rElec    .         Reflect  .   (no cloak)
rCorr    .         Harm     .   (no gloves)
MR       .....                  (no boots)
Stlth    +.........             (no amulet)
Regen    0.2/turn               k - ring of see invisible
MPRegen  0.1/turn               (no ring)

@: confused
A: retaliatory headbutt, horns 2
a: no special abilities


You were on level 4 of the Dungeon.
You were not hungry.

You visited 1 branch of the dungeon, and saw 4 of its levels.

You collected 123 gold pieces.

Inventory:

Hand Weapons
 a - a +1 shortbow
 b - a +1 short sword (weapon)
Missiles
 d - 4 arrows
 p - 4 tomahawks (quivered)
Armour
 c - a +0 leather armour (worn)
Jewellery
 k - a ring of see invisible (left hand)
Scrolls
 h - a scroll of remove curse
Potions
 e - a potion of lignification {unknown}
 g - a potion of resistance {unknown}
 l - a potion of mutation {unknown}
 n - 3 potions of curing
 o - a potion of degeneration {unknown}
Comestibles
 f - 2 bread rations
 i - a meat ration
 q - a royal jelly


   Skills:
 + Level 3.4 Fighting
 + Level 0.7 Short Blades
 + Level 5.8 Bows
 + Level 0.8 Armour
 + Level 2.5 Dodging
 + Level 0.7 Stealth


You had 3 spell levels left.
You didn't know any spells.

Dungeon Overview and Level Annotations

Branches:
Dungeon (4/15)
 Temple: D:4-7

Altars:
Dithmenos

Annotations:
D:3 Alfie's ghost, amateur MiHu


Innate Abilities, Weirdness & Mutations

You reflexively headbutt those who attack you in melee.
You have a pair of horns on your head.


Message History

You closely miss the orc wizard.
The orc wizard is heavily wounded.
The adder skeleton bites you but does no damage.
The orc wizard points at you and mumbles some strange words.
You are confused.
You bump into the rock wall.
The orc shouts!
The adder skeleton bites you.
* * * LOW HITPOINT WARNING * * *
The orc wizard barely misses you.
You bump into the rock wall.
The orc shouts!
The adder skeleton bites you.
* * * LOW HITPOINT WARNING * * *
The orc wizard misses you.
You're too confused to move!
The adder skeleton barely misses you.
The orc wizard hits you but does no damage.
The adder skeleton bites you but does no damage.
You bump into the rock wall.
The orc wizard hits you with a dagger.
You die...

## ###........
.##.#....<.....
....#.#.####...
...o....# ..
##.#...o# .
#.....o#
##..#oZ#
#...##o# #..
#@# #.. #Z# ##
.h. ##... #....
...... ..?....
........


You could see an orc wizard (invisible), 4 orcs, a jackal, an adder skeleton and
a hound skeleton.

Vanquished Creatures
  2 adders (D:2)
  2 worms (D:2)
  3 dart slugs
  A leopard gecko (D:1)
  3 bats
  A giant cockroach (D:1)
  6 goblins
  9 hobgoblins
  20 jackals
  6 kobolds
  2 quokkas (D:2)
  A frilled lizard (D:3)
  8 rats
64 creatures vanquished.

Notes
Turn   | Place    | Note
-------+----------+-------------------------------------------
     0 | D:1      | Alfie the Minotaur Hunter began the quest for the Orb.
     0 | D:1      | Reached XP level 1. HP: 18/18 MP: 0/0
    53 | D:1      | Reached XP level 2. HP: 14/25 MP: 1/1
    94 | D:1      | Reached skill level 5 in Bows
   427 | D:1      | Reached XP level 3. HP: 30/30 MP: 2/2
  1094 | D:2      | Reached XP level 4. HP: 38/38 MP: 3/3
  1300 | D:2      | Found a shadowy altar of Dithmenos.
  1493 | D:3      | Noticed Alfie's ghost (amateur MiHu)
  1659 | D:4      | Slain by an orc wizard

Skill      XL: |  1  2  3 |
---------------+----------+-----
Bows           | 5 |  5.8
Fighting       | 3 |  3.4
Short Blades   | |  0.7
Armour         | |  0.8
Dodging        | |  2.5
Stealth        | |  0.7

Action                   |  1- 3 |  4- 6 || total
-------------------------+-------+-------++-------
Melee: Short sword       |    29 |    39 ||    68
       Headbutt          |     7 |     3 ||    10
 Fire: Shortbow          |    72 |    18 ||    90
Throw: Tomahawk          |       |     5 ||     5
  Use: Scroll            |       |     7 ||     7
  Eat: Bread ration      |       |     1 ||     1
Armor: Leather armour    |    14 |    23 ||    37
Dodge: Dodged            |    42 |    34 ||    76
